 Dungeon Crawl Stone Soup version 0.19-a0-1079-g88a7474 (webtiles) character file.

970005 HAL9000 the Slayer (level 27, -7/206 HPs)
             Began as a Minotaur Fighter on Aug 3, 2016.
             Was the Champion of Ru.
             Mangled by an iron dragon (11 damage)
             ... summoned by the Serpent of Hell
             ... on level 7 of the Iron City of Dis on Aug 6, 2016.
             The game lasted 05:16:41 (74643 turns).

HAL9000 the Slayer (Minotaur Fighter)              Turns: 74643, Time: 05:16:42

Health: -7/206     AC: 45    Str: 35    XL:     27
Magic:  49/58      EV: 19    Int: 10    God:    Ru [******]
Gold:   5062       SH: 36    Dex: 17    Spells: 8 memorised, 24 levels left

rFire  + . .     SeeInvis .     q - +8 autumn katana {slice, Clar}
rCold  + . .     Gourm    .     P - +12 gold dragon armour
rNeg   + + .     Faith    .     p - +18 shield of the Gong {rElec rN+ MR+ EV-5}
rPois  +         Spirit   .     R - +3 hat of Pondering {ponderous, MR+ MP+10 Int+5}
rElec  +         Dismiss  .     o - +0 cloak of Weightlessness {rElec rC+ Stlth-}
rCorr  .         Reflect  .     N - +2 pair of gloves {archery}
SustAt .         Harm     .     s - +2 pair of boots of the Assassin {DetectMon Stab+ Stlth++}
MR     ++++.     Clarity  +     E - amulet "Lyfa" {Fragile rPois rF+ Regen+ Dex+2}
Stlth  ..........               e - +5 ring of evasion
                                j - ring of Xereejih {rN+ MP+9 Str+3}

@: mighty, drained, slow
A: retaliatory headbutt, horns 2, clumsy 1, frail 2, no stealth, hated by all,
no conjurations magic, no earth magic, no transmutations magic, reduced AC 1,
temperature sensitive, sturdy frame 1
a: Draw Out Power, Power Leap, Apocalypse, Renounce Religion
}: 9/15 runes: serpentine, barnacled, slimy, silver, demonic, glowing, magical,
fiery, dark


You were on level 7 of the Iron City of Dis.
You worshipped Ru.
Ru was exalted by your worship.
You were hungry.

You visited 13 branches of the dungeon, and saw 61 of its levels.
You visited Pandemonium 1 time, and saw 38 of its levels.
You visited 1 ziggurat, and saw 10 of its levels.
You also visited: Labyrinth and Ossuary.

You collected 8692 gold pieces.
You spent 3630 gold pieces at shops.

Inventory:

Hand Weapons
 q - the +8 autumn katana (weapon) {slice, Clar}
   (You took it off a deep elf archer on level 3 of the Elven Halls)

   It inflicts extra damage upon your enemies.
   It protects you against confusion.
Missiles
 h - 69 javelins (quivered)
 B - 11 throwing nets
 Z - 6 javelins of penetration
Armour
 o - the +0 cloak of Weightlessness (worn) {rElec rC+ Stlth-}
   (You bought it in a shop on level 3 of the Vaults)

   It protects you from cold.
   It insulates you from electricity.
   It makes you less stealthy.
 p - the +18 shield of the Gong (worn) {rElec rN+ MR+ EV-5}
   (You found it on level 10 of a ziggurat)

   It affects your evasion (-5).
   It insulates you from electricity.
   It protects you from negative energy.
   It affects your resistance to hostile enchantments.
 s - the +2 pair of boots of the Assassin (worn) {DetectMon Stab+ Stlth++}
   (You found it on level 3 of the Crypt)

   It makes you much more stealthy.
 N - a +2 pair of gloves of archery (worn)
 P - a +12 gold dragon armour (worn)
 R - the +3 hat of Pondering (worn) {ponderous, MR+ MP+10 Int+5}
   (You bought it in a shop on level 2 of the Elven Halls)

   It affects your intelligence (+5).
   It affects your resistance to hostile enchantments.
   It affects your magic capacity (+10).
 Y - the +5 shield "Zarhib" {Regen+ Int+2 Dex-3}
   (You found it on level 1 of the Elven Halls)

   It affects your intelligence (+2).
   It affects your dexterity (-3).
   It increases your rate of regeneration.
Jewellery
 e - a +5 ring of evasion (right hand)
 j - the ring of Xereejih (left hand) {rN+ MP+9 Str+3}
   (You found it on level 9 of the Dungeon)

   [ring of strength]

   It affects your strength (+3).
   It protects you from negative energy.
   It affects your magic capacity (+9).
 y - the ring "Diaps" {+Blink rPois rF+ MR+}
   (You found it on level 8 of a ziggurat)

   [ring of protection from magic]

   It protects you from fire.
   It protects you from poison.
   It affects your resistance to hostile enchantments.
   It lets you blink.
 E - the amulet "Lyfa" (around neck) {Fragile rPois rF+ Regen+ Dex+2}
   (You bought it in a shop on level 2 of the Snake Pit)

   [amulet of regeneration]

   It affects your dexterity (+2).
   It protects you from fire.
   It protects you from poison.
   It increases your rate of regeneration.
   It will be destroyed if unequipped.
 T - a ring of the Octopus King {rC+ AC+1 EV+1 Str+1 Int+1 Dex+1}
   (You found it on level 6 of a ziggurat)

   [ring of protection from cold]

   It affects your AC (+1).
   It affects your evasion (+1).
   It affects your strength (+1).
   It affects your intelligence (+1).
   It affects your dexterity (+1).
   It protects you from cold.
 U - the ring "Usagora" {rElec rN+ SInv}
   (You found it in Pandemonium)

   [ring of positive energy]

   It insulates you from electricity.
   It protects you from negative energy.
   It lets you see invisible.
Wands
 g - a wand of heal wounds (4/9)
 w - a wand of digging (14/24)
 W - a wand of teleportation (8/9)
Scrolls
 b - 2 scrolls of holy word
 l - 19 scrolls of remove curse
 m - 7 scrolls of magic mapping
 n - 6 scrolls of fog
 r - 11 scrolls of fear
 t - a scroll of silence
 z - 17 scrolls of identify
 C - 11 scrolls of blinking
 F - 4 scrolls of enchant armour
 H - 21 scrolls of teleportation
 V - a scroll of enchant weapon
Potions
 a - 5 potions of invisibility
 c - 16 potions of brilliance
 d - 8 potions of might
 k - 4 potions of resistance
 x - 2 potions of cancellation
 A - 2 potions of cure mutation
 D - 3 potions of berserk rage
 G - 29 potions of curing
 I - 5 potions of ambrosia
 L - 6 potions of magic
 O - 11 potions of agility
 Q - 8 potions of haste
 S - 5 potions of heal wounds
Miscellaneous
 J - a fan of gales
 K - a phial of floods
 M - a lamp of fire
 X - a disc of storms
Comestibles
 f - 46 bread rations
 i - 18 beef jerkies


   Skills:
 + Level 23.0(22.1) Fighting
 - Level 16.0(15.3) Long Blades
 + Level 16.6(15.9) Throwing
 + Level 22.2(21.3) Armour
 + Level 18.9(18.0) Dodging
 + Level 22.0(21.1) Shields
 - Level 13.2(12.5) Spellcasting
 - Level 18.5(17.7) Charms
 - Level 9.3(8.7) Necromancy
 - Level 6.3(5.6) Translocations
 - Level 9.4(8.7) Air Magic
 - Level 13.0(12.3) Evocations


You had 24 spell levels left.
You knew the following spells:

 Your Spells              Type           Power        Failure   Level  Hunger
a - Swiftness             Chrm/Air       ####....     1%          2    None
b - Deflect Missiles      Chrm/Air       ####......   38%         6    #######
c - Silence               Hex/Air        ###.......   99%         5    #####..
d - Blink                 Tloc           N/A          10%         2    None
o - Apportation           Tloc           ###.......   6%          1    None
H - Haste                 Chrm           #####...     8%          6    #######
R - Regeneration          Chrm/Necr      ####......   1%          3    ##.....
W - Spectral Weapon       Hex/Chrm       ###.....     4%          3    ##.....


Dungeon Overview and Level Annotations

Branches:
Dungeon (15/15)            Temple (1/1) D:4            Lair (6/6) D:10
 Shoals (4/4) Lair:3        Snake (4/4) Lair:3        Slime (5/5) Lair:5
    Orc (2/2) D:9             Elf (3/3) Orc:2        Vaults (5/5) D:13
  Crypt (3/3) Vaults:3       Tomb (0/3) Crypt:3      Depths (5/5) D:15
   Hell (1/1)                 Dis (7/7) Hell            Geh (0/7) Hell
    Zot (0/5) Depths:5
    Coc: Hell:1         Tar: Hell:1

Altars:
Ashenzari
Cheibriados
Dithmenos
Elyvilon
Fedhas
Gozag
Hepliaklqana
Kikubaaqudgha
Makhleb
Nemelex Xobeh
Okawaru
Pakellas
Qazlal
Ru
Sif Muna
Trog
Uskayaw
Vehumet
Xom
Yredelemnul
Zin
The Shining One
Jiyva

Shops:
D:8 (   D:10 *   D:11 }   D:14 *   D:15 %   Orc:2 [(?**   Elf:2 [
Snake:2 =}}*   Vaults:2 *   Vaults:3 *   Vaults:4 *   Depths:1 ?(*

Portals:
Hell: Depths:1 Depths:2 Depths:3 Depths:4 Depths:5
Abyss: Depths:3 Depths:4 Depths:5
Pandemonium: Depths:3

Annotations:
Dis:7 Serpent of Hell


Innate Abilities, Weirdness & Mutations

You reflexively headbutt those who attack you in melee.
You have a pair of horns on your head.
You cannot be stealthy.
You are hated by all.
You cannot study or cast Conjurations magic.
You cannot study or cast Earth magic.
You cannot study or cast Transmutations magic.
You take slightly more damage. (AC -3)
You are sensitive to extremes of temperature. (rF-, rC-)
You are clumsy. (Dex -2)
You are very frail. (-20% HP)
Your movements are slightly less encumbered by armour. (ER -2)


Message History

The spray of metal splinters hits you!
* * * LOW HITPOINT WARNING * * *
The spray of metal splinters hits your spectral weapon.
Your spectral weapon shares its damage with you!
Your spectral weapon fades away.
The Serpent of Hell breathes dispelling energy at you.
The bolt of dispelling energy hits you!
Your magical effects are unravelling.
* * * LOW HITPOINT WARNING * * *
The Serpent of Hell spits crystal at you.
You block the crystal spear.
SHROANNG!
* * * LOW HITPOINT WARNING * * *
You focus your will and slow the Serpent of Hell in retribution!
You block the iron dragon's attack.
BONNNG!
You block the iron dragon's attack.
PANG!
The iron dragon tramples you!
You die...

.......#...# #........,***,,*
.......#...# #........,**,,,*
.......)÷..###........,**,,,*
.......#÷÷.##.#####...,**,,,*
##..C{D#..{##.#$.=#,,,***,,,*
,#.5{{.#...##.#...#,,,**,,,,*
,#.D{{D#8..'.)#...#,,.#*,,,,*
*#.5{..#####.)#D###...#*,,,,*
DD.......*#...8D@D...#**,,,,*
........###....DD....#*,,,,,*
........##...........#*,,,,,*
.......###..........##*,,,,,*
......###...........#*,,,,,,*
,,,,,,*#...####.....#*,,,,***
,#######...#.$#....##*,,,,*
,#.....#...#.$#....#*,,,,,*
,#.....#..)'.$#....#*,,,,,*


You could see the Serpent of Hell, an iron golem, 3 iron dragons and a storm
dragon.

Vanquished Creatures
  Cerebov (Pan)
  the Royal Jelly (Slime:5)
  Gloorx Vloq (Pan)
  Lom Lobon (Pan)
  A seraph (Pan)
  Mnoleg (Pan)
  Mara (Depths:1)
  Mennas (Pan)
  An ancient lich (Vaults:5)
  Sojobo (Crypt:1)
  Saint Roka (Depths:1)
  Margery (Crypt:3)
  2 Killer Klowns (Zig:6)
  3 caustic shrikes
  Geryon (Hell)
  Xtahua (Vaults:4)
  26 large abominations
  3 golden dragons
  2 bone dragons
  4 iron giants (Dis:7)
  6 Tzitzimimeh
  A shard shrike zombie (Crypt:1)
  Jorgrun (Snake:4)
  7 Ice Fiends
  11 Hell Sentinels
  8 tentacled monstrosities
  9 Brimstone Fiends
  4 pandemonium lords (Pan)
  2 deep elf blademasters (Elf:3)
  8 liches
  23 acid blobs
  2 titans (Vaults:5)
  19 Executioners
  4 ancient champions
  A kraken (Shoals:2)
  An eldritch tentacle (Pan)
  A deep elf master archer (Elf:3)
  7 sphinxes
  6 quicksilver dragons (Dis:7)
  Agnes (Snake:2)
  8 shadow dragons
  8 tengu reavers
  Polyphemus (Shoals:3)
  5 revenants
  Ilsuiw (Shoals:4)
  6 storm dragons
  A draconian monk (Depths:5)
  8 azure jellies
  5 fire giants
  9 greater nagas
  14 daevas (Pan)
  9 iron dragons
  An azure jelly (shapeshifter) (Depths:5)
  15 vault wardens
  Louise (Shoals:3)
  22 balrugs
  9 deep elf sorcerers (Elf:3)
  12 cacodemons
  7 frost giants
  2 ghouls
  Aizul (Elf:1)
  A juggernaut zombie (Crypt:1)
  2 warmongers (Pan)
  2 orc warlords
  4 curse skulls
  6 deep elf elementalists
  26 very ugly things
  25 angels (Pan)
  21 reapers
  33 stone giants
  20 ironheart preservers
  2 spriggan defenders
  32 war gargoyles
  12 ophanim (Pan)
  4 corrupters (Pan)
  3 entropy weavers
  3 blood saints (Pan)
  5 vampire knights
  A green draconian (Depths:5)
  5 deep elf demonologists
  20 apis (Pan)
  10 lorocyprocas (Pan)
  Nessos (D:15)
  7 deep elf annihilators
  A mottled draconian (Depths:5)
  8 chaos champions (Pan)
  A white draconian (Depths:5)
  A black draconian (Depths:5)
  5 dire elephants (Lair:6)
  3 black suns (Pan)
  Snorg (Lair:6)
  A spark wasp (Depths:4)
  4 merfolk javelineers
  20 ettins
  2 eidola (Crypt:1)
  6 blizzard demons
  6 jiangshi (Crypt:1)
  3 death oozes (Slime:5)
  A minotaur (Lab)
  11 green deaths (Pan)
  7 deep elf death magi
  24 yaktaur captains
  5 quicksilver dragon zombies
  7 deep elf high priests
  12 fire dragons
  Erolcha (D:9)
  A mummy priest (Crypt:3)
  7 merfolk impalers
  3 great orbs of eyes
  3 quicksilver dragon skeletons
  11 hydras
  28 vault guards
  10 rakshasas
  An ice dragon (shapeshifter) (Zig:6)
  4 monstrous demonspawn (Pan)
  14 naga warriors
  3 spriggan air magi
  8 merfolk aquamancers
  7 hell beasts (Pan)
  9 ice dragons
  Erica (D:9)
  6 centaur warriors
  9 ogre magi
  A catoblepas (Shoals:3)
  An alligator snapping turtle (shapeshifter) (Zig:6)
  An alligator (Zig:10)
  9 anacondas
  8 deep troll shamans
  2 death knights
  7 satyrs
  16 deep troll earth magi
  7 spriggan berserkers
  4 vampire magi (Crypt:1)
  A shock serpent (shapeshifter) (Zig:8)
  23 dancing weapons
  47 sun demons
  5 tengu warriors
  5 orc high priests
  A naga sharpshooter (Snake:4)
  10 shock serpents
  5 death yaks
  19 deep elf knights
  13 soul eaters
  A storm dragon zombie (Dis:1)
  5 iron golems
  A wretched star (Zig:5)
  2 titan skeletons
  13 iron trolls
  65 skeletal warriors
  7 gelid demonspawn (Pan)
  A salamander mystic (Depths:3)
  A sea snake (shapeshifter) (Zig:7)
  21 hell knights
  21 sea snakes
  6 shadow wraiths
  3 unseen horrors
  An anaconda zombie (Crypt:3)
  4 flayed ghosts
  4 storm dragon skeletons
  63 deep trolls
  A ghost moth zombie (Dis:5)
  6 giant orange brains
  15 cherubim (Pan)
  5 putrid demonspawn (Pan)
  3 naga ritualists
  3 shadow demons (Pan)
  A spriggan druid (Zig:10)
  2 swamp dragons (Zig:10)
  4 infernal demonspawn (Pan)
  12 hill giants
  24 deep elf archers
  An obsidian statue (Depths:5)
  A golden dragon skeleton (Crypt:3)
  12 phantasmal warriors
  7 wizards
  12 harpies
  17 ironbrand convokers
  8 torturous demonspawn (Pan)
  2 shambling mangroves (Zig:10)
  An orange crystal statue (Zig:4)
  4 necromancers
  A stone giant zombie (Dis:5)
  18 orc knights
  4 wolf spiders
  9 mana vipers
  A wolf spider zombie (D:12)
  2 iron dragon zombies
  A shadow dragon skeleton (Crypt:2)
  2 griffons (shapeshifter)
  3 hornets (shapeshifter)
  A salamander (shapeshifter) (Depths:3)
  8 cyclopes
  3 orc sorcerers
  8 shining eyes
  72 deep elf magi
  42 ugly things
  14 fauns
  14 griffons
  14 salamanders
  12 manticores
  9 fire giant skeletons
  4 elephants (Lair:6)
  21 black mambas
  3 hornets
  22 sixfirhies
  2 water nymphs
  32 rust devils
  2 dire elephant zombies
  A stone giant skeleton (Crypt:1)
  5 eyes of devastation
  9 guardian serpents
  2 frost giant skeletons (Crypt:3)
  Joseph (Lair:1)
  A guardian serpent (shapeshifter) (Vaults:2)
  5 sirens (Shoals:4)
  2 black mambas (shapeshifter)
  17 orange demons
  2 torpor snails
  17 smoke demons (Pan)
  An emperor scorpion zombie (Dis:7)
  13 vault sentinels
  14 naga magi
  2 dire elephant skeletons
  5 gargoyles
  13 spiny frogs
  A catoblepas zombie (Dis:5)
  7 rime drakes
  13 ice devils
  6 komodo dragons
  A small abomination (Elf:3)
  A kobold demonologist (Depths:4)
  18 tormentors
  5 efreet
  A red draconian skeleton (Crypt:2)
  A white draconian skeleton (Dis:5)
  14 demonic crawlers (Pan)
  7 freezing wraiths
  18 hellions
  61 yaktaurs
  17 hellwings (Pan)
  A queen ant zombie (Crypt:1)
  6 hydra zombies
  5 tengu conjurers
  A jumping spider (shapeshifter) (Vaults:2)
  8 trolls
  A catoblepas skeleton (Crypt:3)
  2 harpy zombies
  2 guardian mummies (Crypt:3)
  4 wind drakes
  24 red devils
  3 polar bears
  15 two-headed ogres
  A giant leech (Zig:10)
  A queen bee (shapeshifter) (Vaults:3)
  2 meliai (shapeshifter)
  16 merfolk
  6 boulder beetles
  4 blink frogs (Lair:2)
  A raiju (shapeshifter) (Vaults:3)
  A meliai zombie (D:14)
  148 slime creatures
  7 snapping turtles
  A fire dragon zombie (Dis:7)
  An ettin zombie (Crypt:3)
  A satyr zombie (Crypt:1)
  A fire giant simulacrum (Vaults:2)
  A bog body (Zig:10)
  20 flying skulls
  5 ice dragon zombies
  A redback (shapeshifter) (Depths:2)
  6 spriggans
  Sigmund (D:5)
  8 fire dragon skeletons (Crypt:3)
  8 air elementals
  2 redbacks
  19 water elementals
  A black mamba zombie (Crypt:3)
  2 hogs (shapeshifter)
  A tarantella (Vaults:3)
  13 wraiths
  33 yaks
  17 ynoxinuls (Pan)
  2 basilisks
  3 tarantellas (shapeshifter)
  3 wyverns
  4 shadows
  A vampire (D:13)
  12 fire elementals
  A golden eye (shapeshifter) (Depths:1)
  20 golden eyes
  A hippogriff (shapeshifter) (D:15)
  16 hippogriffs
  A steam dragon (shapeshifter) (Vaults:5)
  A steam dragon (D:12)
  6 vampire mosquitoes
  11 chaos spawn
  6 hungry ghosts
  2 mottled dragons (D:14)
  26 neqoxecs (Pan)
  A spatial vortex (Dis:7)
  An insubstantial wisp (Zig:10)
  11 wargs
  49 nagas
  2 soldier ants (D:11)
  12 water moccasins
  A hell hound (shapeshifter) (Vaults:1)
  9 porcupines
  2 giant eyeballs
  22 hell hounds
  A swamp drake (D:9)
  4 sky beasts
  2 spiny frog skeletons
  3 phantoms
  55 orc warriors
  A manticore zombie (Dis:1)
  2 black bears
  4 necrophages
  3 ice beasts
  8 starcursed masses (Zig:5)
  8 eyes of draining
  10 wasps
  4 wolves (Lair:3)
  An ogre (shapeshifter) (Depths:5)
  23 centaurs
  54 ogres
  4 boggarts (Vaults:1)
  A manticore skeleton (Crypt:2)
  16 crocodiles
  3 big kobolds
  A komodo dragon zombie (Crypt:2)
  Blork the orc (D:4)
  3 earth elementals
  16 giant frogs
  A hell hound zombie (Crypt:2)
  A merfolk simulacrum (Crypt:1)
  4 scorpions
  The ghost of 4thArraOfDagon the Skirmisher, a weakling DgWn (D:5)
  11 killer bees (D:10)
  12 wights
  4 electric eels
  A howler monkey (D:5)
  4 lava snakes (Lab)
  4 centaur zombies
  A quasit (D:9)
  19 crimson imps
  4 jellies
  3 hounds
  28 iron imps
  28 orc wizards
  4 centaur skeletons
  A giant frog skeleton (D:10)
  33 orc priests
  Terence (D:2)
  7 iguanas
  A lightning spire (Zig:9)
  13 worker ants
  6 hell rats (Hell)
  35 sheep
  A naga zombie (Crypt:1)
  A felid skeleton (Crypt:1)
  A big kobold skeleton (Crypt:1)
  A naga skeleton (Crypt:1)
  19 mummies
  A hell rat zombie (Crypt:2)
  7 gnolls
  11 adders
  25 river rats
  4 shadow imps
  6 white imps
  An ufetubus (Pan)
  2 adder skeletons
  4 worms
  4 dart slugs
  5 giant geckos
  127 orcs
  3 giant cockroaches
  A gnoll zombie (Ossuary)
  11 goblins
  5 hobgoblins
  8 jackals
  11 kobolds
  3 quokkas
  A ball python (D:3)
  6 bats
  10 giant newts
  A giant newt skeleton (Crypt:1)
  2 hobgoblin zombies (Ossuary)
  2 kobold zombies (Ossuary)
  4 orc zombies
  A quokka skeleton (D:7)
  A quokka zombie (D:7)
  4 rats
  2 crawling corpses (Vaults:5)
  9 plants
  6 tentacles
3364 creatures vanquished.

Vanquished Creatures (collateral kills)
  Nikola (Snake:1)
1 creature vanquished.

Vanquished Creatures (others)
  A pandemonium lord (Pan)
  A Hell Sentinel (Dis:7)
  An acid blob (Slime:1)
  Asterion (Elf:1)
  An Executioner (Pan)
  A kraken (Shoals:3)
  A storm dragon (Vaults:5)
  An iron dragon (Zig:9)
  A draconian knight (Depths:5)
  A vault warden (Vaults:5)
  A cacodemon (Pan)
  An angel (Pan)
  A reaper (Dis:6)
  A ghoul (Crypt:2)
  A lorocyproca (Pan)
  A deep elf annihilator (Elf:3)
  An eidolon (Zig:4)
  A merfolk impaler (Shoals:4)
  A quicksilver dragon zombie (Crypt:3)
  A deep elf high priest (Vaults:5)
  A great orb of eyes (Slime:5)
  A tengu warrior (Depths:3)
  A vampire mage (Crypt:1)
  2 dancing weapons
  A shock serpent (Snake:2)
  A sun demon (Pan)
  An iron golem (Dis:7)
  2 deep elf knights (Elf:2)
  2 large abominations (Pan)
  A sea snake (Snake:4)
  A shadow demon (Pan)
  A necromancer (Depths:2)
  A deep elf mage (Elf:2)
  2 ironbrand convokers
  An orc sorcerer (Orc:2)
  A sixfirhy (Pan)
  A rust devil (Dis:7)
  2 black mambas
  2 smoke demons (Pan)
  2 vault sentinels
  A hellion (Pan)
  A naga mage (Snake:4)
  4 yaktaurs
  A red devil (Dis:5)
  A tengu conjurer (Depths:2)
  A two-headed ogre (Vaults:2)
  4 slime creatures
  A snapping turtle (Shoals:3)
  A shadow (Crypt:3)
  A wraith (Dis:4)
  A flying skull (Dis:4)
  2 ynoxinuls (Pan)
  3 water elementals
  A neqoxec (Pan)
  A golden eye (Slime:4)
  4 hell hounds
  An orc warrior (Vaults:5)
  A wasp (Zig:10)
  A boggart (Vaults:2)
  An earth elemental (Zig:9)
  A wight (Dis:5)
  An orc priest (Vaults:5)
  3 iron imps (Dis:7)
  A hell rat (Hell)
  9 ball lightnings (Pan)
  An orc (Depths:1)
  A bush (Lair:6)
  A crawling corpse (Vaults:5)
  11 eldritch tentacle segments (Pan)
  5 fungi (Lair:6)
  62 plants
  5 spectral weapons
  6 tentacles
  281 tentacle segments
  2 withered plants (Crypt:3)
469 creatures vanquished.

Grand Total: 3834 creatures vanquished

Notes
Turn   | Place    | Note
-------+----------+-------------------------------------------
     0 | D:1      | HAL9000 the Minotaur Fighter began the quest for the Orb.
     0 | D:1      | Reached XP level 1. HP: 19/19 MP: 0/0
   428 | D:1      | Reached XP level 2. HP: 27/27 MP: 1/1
   714 | D:2      | Reached skill level 4 in Fighting
   807 | D:2      | Reached XP level 3. HP: 30/33 MP: 2/2
  1088 | D:2      | Noticed Terence
  1103 | D:2      | Killed Terence
  1237 | D:2      | Reached XP level 4. HP: 38/41 MP: 3/3
  1241 | D:2      | Found a bloodstained altar of Trog.
  1672 | D:3      | Reached XP level 5. HP: 43/47 MP: 4/4
  1711 | D:3      | Found a faded altar of an unknown god.
  2020 | D:3      | Reached skill level 5 in Long Blades
  2323 | D:3      | Found a shimmering altar of Xom.
  2407 | D:3      | Found a white marble altar of Elyvilon.
  2528 | D:4      | Found a staircase to the Ecumenical Temple.
  2543 | Temple   | Entered the Ecumenical Temple
  2609 | Temple   | Became a worshipper of Ru the Awakened
  2679 | D:4      | Reached XP level 6. HP: 49/55 MP: 5/5
  2810 | D:4      | Reached skill level 5 in Fighting
  2810 | D:4      | Reached skill level 5 in Armour
  2999 | D:4      | Reached skill level 5 in Shields
  3137 | D:4      | Noticed a hippogriff
  3156 | D:4      | Killed a hippogriff
  3156 | D:4      | Reached XP level 7. HP: 13/61 MP: 6/6
  3462 | D:4      | Found a sacrificial altar of Ru.
  3466 | D:4      | Noticed Blork the orc
  3480 | D:4      | Killed Blork the orc
  3870 | D:5      | Entered Level 5 of the Dungeon
  3990 | D:5      | Noticed 4thArraOfDagon's ghost (weakling DgWn)
  4094 | D:5      | Killed 4thArraOfDagon's ghost
  4122 | D:5      | Noticed Sigmund
  4144 | D:5      | Killed Sigmund
  4283 | D:5      | Reached skill level 6 in Fighting
  4343 | D:5      | Reached XP level 8. HP: 70/70 MP: 7/7
  4369 | D:5      | Found a sand-covered staircase.
  4473 | Ossuary  | Entered an ossuary
  5447 | D:6      | Found a basalt altar of Yredelemnul.
  5536 | D:6      | Reached skill level 7 in Fighting
  5697 | D:7      | Identified a -2 rod of shadows (9/9) (You found it on level 5 of the Dungeon)
  5818 | D:7      | Reached XP level 9. HP: 79/79 MP: 8/8
  6508 | D:8      | Found Caechot's Antique Weapon Shoppe.
  6515 | D:8      | Reached skill level 10 in Long Blades
  6533 | D:8      | Bought a glowing scimitar for 108 gold pieces
  6582 | D:8      | Found a glowing golden altar of the Shining One.
  6585 | D:8      | Found a shadowy altar of Dithmenos.
  6588 | D:8      | Found a shattered altar of Ashenzari.
  6813 | D:8      | Reached skill level 8 in Fighting
  6820 | D:8      | Found a radiant altar of Vehumet.
  7198 | D:9      | Noticed Erica
  7227 | D:9      | Killed Erica
  7227 | D:9      | Reached XP level 10. HP: 36/90 MP: 9/9
  7234 | D:9      | Noticed a manticore
  7247 | D:9      | Killed a manticore
  7546 | D:9      | Reached skill level 9 in Fighting
  7611 | D:9      | Found a staircase to the Orcish Mines.
  7849 | D:9      | Noticed Erolcha
  7855 | D:9      | Paralysed by something for 4 turns
  7870 | D:9      | Killed Erolcha
  7894 | D:9      | Got a translucent golden ring
  7896 | D:9      | Identified the ring of Xereejih {rN+ MP+9 Str+3} (You found it on level 9 of the Dungeon)
  8191 | D:10     | Entered Level 10 of the Dungeon
  8235 | D:10     | Found a staircase to the Lair.
  8435 | D:10     | Found Huekedghaff's General Store.
  8474 | D:10     | Reached XP level 11. HP: 87/99 MP: 10/10
  8643 | D:10     | Reached skill level 10 in Armour
  8717 | D:10     | Reached skill level 10 in Fighting
  8958 | D:10     | Reached skill level 10 in Shields
  9264 | Lair:1   | Entered Level 1 of the Lair of Beasts
  9588 | Lair:1   | Noticed a six-headed hydra
  9601 | Lair:1   | Killed a two-headed hydra
  9788 | Lair:1   | Noticed Joseph
  9791 | Lair:1   | Noticed an eight-headed hydra
  9799 | Lair:1   | Killed a five-headed hydra
  9807 | Lair:1   | Killed Joseph
  9827 | Lair:1   | Gained mutation: You are surrounded by a mild repulsion field. (EV +2) [potion of beneficial mutation]
  9828 | Lair:1   | Gained mutation: You possess an exceptional clarity of mind. [potion of beneficial mutation]
  9829 | Lair:1   | Gained mutation: You have sharp toenails. [potion of beneficial mutation]
 10182 | Lair:2   | Noticed an eight-headed hydra
 10190 | Lair:2   | Killed a four-headed hydra
 10263 | Lair:2   | Reached skill level 11 in Fighting
 10272 | Lair:2   | Reached skill level 1 in Dodging
 10534 | Lair:2   | Reached skill level 1 in Evocations
 10618 | Lair:2   | Found a labyrinth entrance.
 10636 | Lab      | Entered a labyrinth
 11062 | Lab      | Noticed a minotaur
 11070 | Lab      | Killed a minotaur
 11070 | Lab      | Reached XP level 12. HP: 50/110 MP: 12/12
 11310 | Lair:2   | Noticed a six-headed hydra
 11318 | Lair:2   | Killed a three-headed hydra
 11946 | Lair:3   | Found a sacrificial altar of Ru.
 12012 | Lair:3   | Got a coiled steel ring
 12015 | Lair:3   | Identified the ring of the Lost Dances {Int+3 Stlth+} (You found it on level 3 of the Lair of Beasts)
 12232 | Lair:3   | Found a staircase to the Snake Pit.
 12282 | Lair:3   | Found a staircase to the Shoals.
 12745 | Lair:4   | Reached skill level 12 in Fighting
 12796 | Lair:4   | Reached skill level 5 in Dodging
 13255 | Lair:4   | Reached XP level 13. HP: 118/118 MP: 15/15
 14038 | Lair:5   | Found a viscous altar of Jiyva.
 14038 | Lair:5   | Found a staircase to the Slime Pits.
 14270 | Lair:5   | Reached skill level 5 in Evocations
 14339 | Lair:6   | Entered Level 6 of the Lair of Beasts
 14569 | Lair:6   | Noticed Snorg
 14605 | Lair:6   | Killed Snorg
 14863 | Lair:6   | Reached skill level 1 in Throwing
 15807 | Lair:6   | Reached skill level 13 in Fighting
 15813 | Lair:6   | Noticed a dire elephant
 15813 | Lair:6   | Noticed a dire elephant
 15832 | Lair:6   | Killed a dire elephant
 15953 | Lair:6   | Noticed a dire elephant
 15967 | Lair:6   | Killed a dire elephant
 16277 | Lair:6   | Noticed a dire elephant
 16291 | Lair:6   | Killed a dire elephant
 16303 | Lair:6   | Killed a dire elephant
 16457 | Lair:6   | Noticed a dire elephant
 16474 | Lair:6   | Killed a dire elephant
 16820 | Lair:1   | Upgraded the game from 0.19-a0-1065-gdac414d to 0.19-a0-1068-g99dd0f4
 17155 | D:11     | Reached XP level 14. HP: 129/129 MP: 17/17
 17256 | D:11     | Found a radiant altar of Vehumet.
 17285 | D:11     | Gained mutation: You cannot study or cast Earth magic. [Ru sacrifice]
 17285 | D:11     | Gained mutation: You cannot study or cast Transmutations magic. [Ru sacrifice]
 17285 | D:11     | Gained mutation: You cannot study or cast Conjurations magic. [Ru sacrifice]
 17285 | D:11     | Reached * piety under Ru
 17342 | D:11     | Found Veuxtuf's Gadget Emporium.
 18895 | D:13     | Reached skill level 5 in Throwing
 18922 | D:13     | Found a gate to the Vaults.
 18940 | D:13     | Got a steaming scimitar {drain}
 19534 | D:10     | Identified the +3 scimitar of Abomination {drain, *Contam +Inv rN+} (You took it off a wizard on level 13 of the Dungeon)
 19677 | Orc:1    | Entered Level 1 of the Orcish Mines
 19690 | Orc:1    | Reached skill level 14 in Fighting
 20648 | Orc:2    | Entered Level 2 of the Orcish Mines
 20648 | Orc:2    | Found Koextaji's Antique Armour Boutique.
 20655 | Orc:2    | Bought a pair of ancient gloves for 380 gold pieces
 20669 | Orc:2    | Identified the +2 pair of gloves of Meidewon {rPois rC+ Str-5} (You bought it in a shop on level 2 of the Orcish Mines)
 20784 | Orc:2    | Found a staircase to the Elven Halls.
 20896 | Orc:2    | Noticed an orc warlord
 20912 | Orc:2    | Killed an orc warlord
 21743 | Orc:2    | Paralysed by an orc sorcerer for 6 turns
 22292 | Orc:2    | Reached XP level 15. HP: 21/139 MP: 20/20
 22733 | Orc:2    | Found Jinit's General Store.
 22733 | Orc:2    | Found Bizoplup's General Store.
 22735 | Orc:2    | Found Pepasem's Magic Scroll Emporium.
 22735 | Orc:2    | Found Cinemuipn's Weapon Boutique.
 22751 | Orc:2    | Bought a +2 hat for 176 gold pieces
 22753 | Orc:2    | Bought a scroll of teleportation for 42 gold pieces
 22753 | Orc:2    | Bought a scroll of teleportation for 42 gold pieces
 22756 | Orc:2    | Bought a scroll of teleportation for 45 gold pieces
 23368 | D:14     | Found Til Dixococ's Assorted Antiques.
 23376 | D:14     | Bought a scroll of teleportation for 78 gold pieces
 23376 | D:14     | Bought a pair of embroidered boots for 117 gold pieces
 24159 | D:15     | Entered Level 15 of the Dungeon
 24166 | D:15     | Noticed Nessos
 24174 | D:15     | Killed Nessos
 24622 | D:15     | Found a staircase to the Depths.
 24651 | D:15     | Reached skill level 10 in Dodging
 24677 | D:15     | Found Kofoal's Food Emporium.
 25172 | Snake:1  | Entered Level 1 of the Snake Pit
 26535 | Snake:1  | Noticed Nikola
 26544 | Snake:1  | Killed Nikola
 26544 | Snake:1  | Reached skill level 10 in Evocations
 26854 | Snake:1  | Reached skill level 15 in Fighting
 27235 | Snake:1  | Identified a scroll of acquirement
 27254 | Snake:1  | Got a scorched double sword
 27268 | Snake:1  | Identified the +11 double sword "Milerr" {venom, +Blink Str-4 Dex+2} (You acquired it on level 1 of the Snake Pit)
 27569 | Snake:1  | Reached skill level 15 in Shields
 28446 | Snake:2  | Reached XP level 16. HP: 141/149 MP: 22/22
 28458 | Snake:2  | Gained mutation: You take slightly more damage. (AC -3) [Ru sacrifice]
 28458 | Snake:2  | Reached ** piety under Ru
 28514 | Snake:2  | Reached skill level 15 in Armour
 28808 | Snake:2  | Reached skill level 16 in Fighting
 28808 | Snake:2  | Reached XP level 17. HP: 158/158 MP: 24/24
 28819 | Snake:2  | Noticed Agnes
 28827 | Snake:2  | Killed Agnes
 29154 | Snake:2  | Found Kava's Assorted Antiques.
 29157 | Snake:2  | Bought a scroll labeled JOSIRHE NATHE for 32 gold pieces
 29157 | Snake:2  | Bought a scroll of identify for 64 gold pieces
 29157 | Snake:2  | Bought a heavily runed silver amulet for 160 gold pieces
 29167 | Snake:2  | Identified the amulet "Lyfa" {Fragile rPois rF+ Regen+ Dex+2} (You bought it in a shop on level 2 of the Snake Pit)
 29259 | Snake:2  | Found Yhupont's Jewellery Emporium.
 29259 | Snake:2  | Found Mounloha's Gadget Boutique.
 29260 | Snake:2  | Found Owkeagge's Gadget Boutique.
 29912 | Snake:4  | Entered Level 4 of the Snake Pit
 30073 | Snake:4  | Noticed Jorgrun
 30083 | Snake:4  | Killed Jorgrun
 30297 | Snake:4  | Gained mutation: You cannot be stealthy. [Ru sacrifice]
 31194 | Snake:4  | Got a serpentine rune of Zot
 31425 | Lair:1   | Learned a level 1 spell: Apportation
 31428 | Lair:1   | Learned a level 2 spell: Swiftness
 31504 | Shoals:1 | Entered Level 1 of the Shoals
 31536 | Shoals:1 | Reached XP level 18. HP: 168/168 MP: 26/26
 31705 | Shoals:1 | Found Ytemn's Antique Weapon Emporium.
 32543 | Shoals:2 | Reached skill level 17 in Fighting
 32693 | Shoals:2 | Upgraded the game from 0.19-a0-1068-g99dd0f4 to 0.19-a0-1071-g4ed3155
 32695 | Shoals:2 | Got a slimy scythe
 32701 | Shoals:2 | Identified the +3 scythe "Goblinbane" {drain, rN+++} (You found it on level 2 of the Shoals)
 32901 | Shoals:3 | Noticed Louise
 32911 | Shoals:3 | Noticed Polyphemus
 33188 | Shoals:3 | Killed Polyphemus
 33200 | Shoals:3 | Killed Louise
 33414 | Shoals:3 | Identified the Papyrus of Blows and Bruises and the Voyage
 33763 | Shoals:4 | Entered Level 4 of the Shoals
 34114 | Shoals:3 | Reached skill level 10 in Throwing
 34358 | Shoals:4 | Noticed Ilsuiw
 34406 | Shoals:4 | Killed Ilsuiw
 35080 | Shoals:4 | Got a barnacled rune of Zot
 35774 | Vaults:1 | Entered Level 1 of the Vaults
 35899 | Vaults:1 | Reached XP level 19. HP: 162/178 MP: 27/27
 36743 | Vaults:1 | Gained mutation: You are hated by all. [Ru sacrifice]
 36743 | Vaults:1 | Reached *** piety under Ru
 36835 | Vaults:1 | Reached skill level 18 in Fighting
 38471 | Vaults:2 | Found Pevogg's General Store.
 38728 | Vaults:2 | Reached XP level 20. HP: 124/189 MP: 28/28
 39956 | Vaults:3 | Identified a +3 rod of ignition (10/10) (You took it off a centaur on level 3 of the Vaults)
 40100 | Vaults:3 | Reached skill level 19 in Fighting
 40116 | Vaults:3 | Found a staircase to the Crypt.
 40314 | Vaults:3 | Found Zochuhe's General Store.
 40322 | Vaults:3 | Bought a potion of might for 84 gold pieces
 40322 | Vaults:3 | Bought the cursed +0 cloak of Weightlessness {rElec rC+ Stlth-} for 443 gold pieces
 40322 | Vaults:3 | Bought a potion of might for 84 gold pieces
 40904 | Vaults:4 | Noticed Xtahua
 40913 | Vaults:4 | Killed Xtahua
 40913 | Vaults:4 | Reached skill level 15 in Dodging
 41185 | Vaults:4 | Found Rownip Xuqo's General Store.
 41192 | Vaults:4 | Bought a potion of might for 72 gold pieces
 42160 | Vaults:5 | Entered Level 5 of the Vaults
 42242 | Vaults:4 | Reached XP level 21. HP: 171/199 MP: 29/29
 42597 | Vaults:5 | Gained mutation: You are sensitive to extremes of temperature. (rF-, rC-) [Ru sacrifice]
 42597 | Vaults:5 | Reached **** piety under Ru
 42597 | Vaults:5 | Reached ***** piety under Ru
 42597 | Vaults:5 | Reached ****** piety under Ru
 42727 | Vaults:5 | Reached skill level 20 in Fighting
 43194 | Vaults:5 | Reached XP level 22. HP: 167/211 MP: 30/30
 43353 | Vaults:5 | Noticed a golden dragon
 43357 | Vaults:5 | Killed a golden dragon
 43389 | Vaults:5 | Noticed an ancient lich
 43399 | Vaults:5 | Killed an ancient lich
 43457 | Vaults:5 | Got an uncursed shimmering battleaxe {chop}
 43732 | Vaults:5 | Noticed a golden dragon
 43753 | Vaults:5 | Killed a golden dragon
 43768 | Vaults:5 | Reached XP level 23. HP: 210/218 MP: 31/31
 43771 | Vaults:5 | Reached skill level 21 in Fighting
 43820 | Vaults:5 | Identified Toavvex's Guide on Good Luck (You found it on level 5 of the Vaults)
 43856 | Vaults:5 | Learned a level 6 spell: Deflect Missiles
 43863 | Vaults:5 | Learned a level 6 spell: Haste
 43867 | Vaults:5 | Learned a level 3 spell: Regeneration
 44169 | Vaults:5 | Got a scorched bronze ring
 44173 | Vaults:5 | Identified the ring "Hehy" {SustAt MR+ Str+2} (You found it on level 5 of the Vaults)
 44186 | Vaults:5 | Learned a level 2 spell: Blink
 44293 | Vaults:5 | Got a silver rune of Zot
 45732 | Elf:1    | Entered Level 1 of the Elven Halls
 45732 | Elf:1    | Noticed Asterion
 45745 | Elf:1    | Killed Asterion
 45754 | Elf:1    | Got a jewelled shield
 45766 | Elf:1    | Identified the +5 shield "Zarhib" {Regen+ Int+2 Dex-3} (You found it on level 1 of the Elven Halls)
 46233 | Elf:1    | Noticed Aizul
 46254 | Elf:1    | Killed Aizul
 46557 | Elf:2    | Reached skill level 1 in Charms
 46640 | Elf:2    | Found Feli's Antique Armour Shop.
 46645 | Elf:2    | Bought the +3 hat of Pondering {ponderous, MR+ MP+10 Int+5} for 718 gold pieces
 46645 | Elf:2    | Bought a pair of glowing gloves for 189 gold pieces
 46680 | Elf:2    | Reached skill level 1 in Translocations
 46894 | Elf:2    | Reached skill level 1 in Spellcasting
 46967 | Elf:2    | Found a runed gate.
 46967 | Elf:2    | Found a runed gate.
 46973 | Elf:2    | Found a runed gate.
 47553 | Elf:3    | Entered Level 3 of the Elven Halls
 47554 | Elf:3    | Upgraded the game from 0.19-a0-1071-g4ed3155 to 0.19-a0-1079-g88a7474
 48355 | Elf:3    | Reached XP level 24. HP: 219/228 MP: 31/31
 48387 | Elf:3    | Reached skill level 5 in Translocations
 48449 | Elf:3    | Identified a +7 rod of clouds (10/12) (You took it off a deep elf death mage on level 3 of the Elven Halls)
 48540 | Elf:3    | Reached skill level 5 in Charms
 48672 | Elf:3    | Identified the Papyrus of the Oath (You found it on level 3 of the Elven Halls)
 48697 | Elf:3    | Identified Cehyujee's Tome of Air (You found it on level 3 of the Elven Halls)
 48713 | Elf:3    | Got a pair of shimmering gloves
 48731 | Elf:3    | Identified the cursed +0 pair of gloves of Refuge {Dex+3} (You found it on level 3 of the Elven Halls)
 48732 | Elf:3    | Got a warped plate armour
 48744 | Elf:3    | Identified the +2 plate armour of Insatiable Hunger {Regen+ Int+5 Dex-3} (You found it on level 3 of the Elven Halls)
 49375 | Depths:1 | Entered Level 1 of the Depths
 49375 | Depths:1 | Noticed Mara
 49380 | Depths:1 | Noticed HAL9000's illusion
 49405 | Depths:1 | Killed Mara
 49413 | Depths:1 | Noticed Saint Roka
 49727 | Depths:1 | Killed Saint Roka
 50216 | Depths:1 | Found a gateway to Hell.
 50343 | Depths:1 | Found Wuunyihi's Magic Scroll Boutique.
 50343 | Depths:1 | Found Vodol's Antique Weapon Shop.
 50347 | Depths:1 | Found Semiull's General Store.
 50351 | Depths:1 | Bought a scroll of teleportation for 36 gold pieces
 50445 | Depths:2 | Reached skill level 15 in Throwing
 50684 | Depths:2 | Found a gateway to a ziggurat.
 51406 | Depths:3 | Found a one-way gate to the infinite horrors of the Abyss.
 51946 | Depths:3 | Got a pitted golden ring
 52021 | Depths:3 | Identified the ring "Uskeumi" {Ice Dex+5 SInv} (You took it off a spriggan berserker on level 3 of the Depths)
 52128 | Depths:3 | Reached XP level 25. HP: 237/237 MP: 31/31
 52161 | Depths:3 | Got a pitted brass ring
 52400 | Depths:3 | Found a one-way gate leading to the halls of Pandemonium.
 52455 | Depths:3 | Identified the ring "Husafufo" {rCorr rElec rN++ Str+2 Dex-5} (You took it off a yaktaur on level 3 of the Depths)
 52583 | Depths:4 | Reached skill level 15 in Long Blades
 53127 | Depths:4 | Reached skill level 22 in Fighting
 53534 | Depths:5 | Entered Level 5 of the Depths
 53852 | Depths:5 | Gained mutation: Your natural rate of healing is unusually fast. [potion of beneficial mutation]
 53982 | Depths:5 | Found a gate to the Realm of Zot.
 55039 | Crypt:1  | Entered Level 1 of the Crypt
 55196 | Crypt:1  | Noticed Sojobo
 55256 | Crypt:1  | Killed Sojobo
 55595 | Crypt:1  | Reached XP level 26. HP: 227/248 MP: 31/31
 56634 | Crypt:3  | Entered Level 3 of the Crypt
 57154 | Crypt:3  | Learned a level 5 spell: Silence
 57323 | Crypt:3  | Noticed Margery
 57439 | Crypt:3  | Killed Margery
 57523 | Crypt:3  | Found an ancient bone altar of Kikubaaqudgha.
 57589 | Crypt:3  | Identified a +6 rod of shadows (11/11) (You found it on level 3 of the Crypt)
 57643 | Crypt:3  | Learned a level 3 spell: Spectral Weapon
 57765 | Crypt:3  | Found a staircase to the Tomb.
 57786 | Crypt:3  | Reached XP level 27. HP: 256/256 MP: 31/31
 58995 | Slime:1  | Entered Level 1 of the Pits of Slime
 59084 | Slime:1  | Reached skill level 5 in Spellcasting
 59300 | Slime:4  | Gained mutation: Your body sometimes deteriorates upon taking damage. [a shining eye]
 59302 | Slime:4  | Gained mutation: You are frail. (-10% HP) [a shining eye]
 59340 | Slime:5  | Entered Level 5 of the Pits of Slime
 59395 | Slime:5  | Noticed the Royal Jelly
 59415 | Slime:5  | Killed the Royal Jelly
 59644 | Slime:4  | Gained mutation: You are clumsy. (Dex -2) [a shining eye]
 59735 | Slime:1  | Reached skill level 10 in Charms
 59891 | Snake:2  | Bought a wand of digging (16/24) for 760 gold pieces
 60057 | Slime:4  | Paralysed by a giant eyeball for 3 turns
 60070 | Slime:4  | Paralysed by a giant eyeball for 2 turns
 60086 | Slime:4  | Paralysed by a giant eyeball for 3 turns
 60414 | Slime:5  | Lost mutation: You are frail. (-10% HP) [potion of cure mutation]
 60414 | Slime:5  | Lost mutation: You possess an exceptional clarity of mind. [potion of cure mutation]
 60414 | Slime:5  | Lost mutation: You are clumsy. (Dex -2) [potion of cure mutation]
 60419 | Slime:5  | Gained mutation: Your magical capacity is low. (-10% MP) [a shining eye]
 60616 | Slime:5  | Identified the Grimoire of Creative Beguiling (You found it on level 5 of the Pits of Slime)
 60670 | Slime:5  | Identified Sif Muna's Reference Book on the Mutagenic Rocks
 60746 | Slime:5  | Got a sparkling iron amulet
 60748 | Slime:5  | Identified the amulet of Naatomau {Faith rC+ MR- Dex+3 SInv} (You found it on level 5 of the Pits of Slime)
 60761 | Slime:5  | Got a slimy rune of Zot
 61195 | Hell     | Entered the Vestibule of Hell
 61195 | Hell     | Noticed Geryon
 61227 | Hell     | Killed Geryon
 61526 | Hell     | Found a gateway to the ashen valley of Gehenna.
 61755 | Pan      | Entered Pandemonium
 61755 | Pan      | Found a huge runed gate.
 61755 | Pan      | Found a huge runed gate.
 61755 | Pan      | Found a huge runed gate.
 61755 | Pan      | Found a huge runed gate.
 61755 | Pan      | Found a huge runed gate.
 61755 | Pan      | Found a huge runed gate.
 61755 | Pan      | Found a huge runed gate.
 61755 | Pan      | Found a huge runed gate.
 61755 | Pan      | Found a huge runed gate.
 61755 | Pan      | Found a huge runed gate.
 61755 | Pan      | Found a huge runed gate.
 61755 | Pan      | Noticed Gasmoer the pandemonium lord
 61780 | Pan      | Killed Gasmoer the pandemonium lord
 61904 | Pan      | Gained mutation: You are weak. (Str -2) [a cacodemon]
 61951 | Pan      | Found an exit through the horrors of the Abyss.
 62058 | Pan      | Found an exit through the horrors of the Abyss.
 62804 | Pan      | Gained mutation: Your spells are a little easier to cast, but a little less powerful. [a cacodemon]
 62811 | Pan      | Noticed Miemmaug the pandemonium lord
 62848 | Pan      | Killed Miemmaug the pandemonium lord
 62918 | Pan      | Found an exit through the horrors of the Abyss.
 62931 | Pan      | Entered the realm of Lom Lobon.
 62935 | Pan      | Noticed Lom Lobon
 62994 | Pan      | Killed Lom Lobon
 62998 | Pan      | Got a magical rune of Zot
 63121 | Pan      | Lost mutation: You are weak. (Str -2) [potion of cure mutation]
 63121 | Pan      | Lost mutation: You have sharp toenails. [potion of cure mutation]
 63121 | Pan      | Lost mutation: Your body sometimes deteriorates upon taking damage. [potion of cure mutation]
 63127 | Pan      | Lost mutation: Your spells are a little easier to cast, but a little less powerful. [potion of beneficial mutation]
 63219 | Pan      | Found an exit through the horrors of the Abyss.
 63275 | Pan      | Noticed Vafollid the pandemonium lord
 63476 | Pan      | Found an exit through the horrors of the Abyss.
 63604 | Pan      | Found an exit through the horrors of the Abyss.
 63660 | Pan      | Noticed Mennas
 63679 | Pan      | Killed Mennas
 63743 | Pan      | Found an exit through the horrors of the Abyss.
 63920 | Pan      | Gained mutation: Your spells are a little easier to cast, but a little less powerful. [a neqoxec]
 63941 | Pan      | Lost mutation: Your natural rate of healing is unusually fast. [a neqoxec]
 63952 | Pan      | Found a runed door.
 63967 | Pan      | Gained mutation: Your spells are easier to cast, but less powerful. [a neqoxec]
 63970 | Pan      | Gained mutation: You are agile. (Dex +2) [a neqoxec]
 64243 | Pan      | Entered the realm of Gloorx Vloq.
 64435 | Pan      | Noticed Gloorx Vloq
 64457 | Pan      | Killed Gloorx Vloq
 64465 | Pan      | Got a dark rune of Zot
 64844 | Pan      | Found a runed door.
 64966 | Pan      | Reached skill level 10 in Spellcasting
 65332 | Pan      | Lost mutation: You are agile. (Dex +2) [a neqoxec]
 65333 | Pan      | Noticed Vocle the pandemonium lord
 65336 | Pan      | Gained mutation: You tend to lose your temper in combat. [a neqoxec]
 65444 | Pan      | Killed Vocle the pandemonium lord
 65662 | Pan      | Gained mutation: You are weak. (Str -2) [a neqoxec]
 65669 | Pan      | Gained mutation: Your body sometimes deteriorates upon taking damage. [a neqoxec]
 65698 | Pan      | Gained mutation: Scrolls take you a little longer to read. [a neqoxec]
 65726 | Pan      | Gained mutation: You often lose your temper in combat. [a neqoxec]
 65726 | Pan      | Gained mutation: You are frail. (-10% HP) [a neqoxec]
 65784 | Pan      | Found an exit through the horrors of the Abyss.
 65870 | Pan      | Gained mutation: You are very weak. (Str -4) [a neqoxec]
 65874 | Pan      | Noticed Inogg the pandemonium lord
 65892 | Pan      | Gained mutation: You are clumsy. (Dex -2) [a neqoxec]
 65895 | Pan      | Gained mutation: You occasionally shout uncontrollably at your foes. [a neqoxec]
 65898 | Pan      | Gained mutation: You are very frail. (-20% HP) [a neqoxec]
 66079 | Pan      | Reached skill level 15 in Charms
 66089 | Pan      | Noticed Nequgut the pandemonium lord
 66122 | Pan      | Killed Nequgut the pandemonium lord
 66483 | Pan      | Reached skill level 1 in Air Magic
 66638 | Pan      | Found an exit through the horrors of the Abyss.
 66654 | Pan      | Reached skill level 1 in Necromancy
 66729 | Pan      | Found an exit through the horrors of the Abyss.
 66944 | Pan      | Lost mutation: You are very weak. (Str -4) [potion of cure mutation]
 66944 | Pan      | Lost mutation: Your magical capacity is low. (-10% MP) [potion of cure mutation]
 66944 | Pan      | Lost mutation: You are clumsy. (Dex -2) [potion of cure mutation]
 66944 | Pan      | Lost mutation: You occasionally shout uncontrollably at your foes. [potion of cure mutation]
 66944 | Pan      | Lost mutation: Scrolls take you a little longer to read. [potion of cure mutation]
 66944 | Pan      | Lost mutation: You are weak. (Str -2) [potion of cure mutation]
 66945 | Pan      | Lost mutation: Your spells are easier to cast, but less powerful. [potion of cure mutation]
 66945 | Pan      | Lost mutation: Your body sometimes deteriorates upon taking damage. [potion of cure mutation]
 66945 | Pan      | Lost mutation: Your spells are a little easier to cast, but a little less powerful. [potion of cure mutation]
 66945 | Pan      | Lost mutation: You often lose your temper in combat. [potion of cure mutation]
 66945 | Pan      | Lost mutation: You tend to lose your temper in combat. [potion of cure mutation]
 66945 | Pan      | Lost mutation: You are surrounded by a mild repulsion field. (EV +2) [potion of cure mutation]
 66948 | Pan      | Lost mutation: You are very frail. (-20% HP) [potion of beneficial mutation]
 67696 | Pan      | HP: 10/230 [daeva/divine providence (9)]
 68404 | Pan      | Found a glowing silver altar of Zin.
 68617 | Pan      | Noticed a seraph
 68650 | Pan      | Killed a seraph
 68660 | Pan      | Found a glowing golden altar of the Shining One.
 68739 | Pan      | Got a demonic rune of Zot
 68748 | Pan      | Identified the Catalogue of Mutagenic Toxins (You found it in Pandemonium)
 68753 | Pan      | Got a sparkling golden ring
 68754 | Pan      | Identified the ring of Xaip {Fire Slay+2} (You found it in Pandemonium)
 68758 | Pan      | Identified the Guide on Feathery Heat
 69017 | Pan      | Noticed Ducojer the pandemonium lord
 69184 | Pan      | Found an exit through the horrors of the Abyss.
 69375 | Pan      | Reached skill level 5 in Necromancy
 69563 | Pan      | Reached skill level 5 in Air Magic
 69595 | Pan      | Found an exit through the horrors of the Abyss.
 69681 | Pan      | Noticed Molaesatu the pandemonium lord
 69695 | Pan      | Killed Molaesatu the pandemonium lord
 69833 | Pan      | Found an exit through the horrors of the Abyss.
 69837 | Pan      | Noticed Vaumugh the pandemonium lord
 69847 | Pan      | Entered the realm of Mnoleg.
 69936 | Pan      | Gained mutation: You are clumsy. (Dex -2) [a neqoxec]
 70043 | Pan      | Noticed Mnoleg
 70048 | Pan      | Gained mutation: Your movements are slightly less encumbered by armour. (ER -2) [a neqoxec]
 70070 | Pan      | Killed Mnoleg
 70082 | Pan      | Got a glowing rune of Zot
 70197 | Pan      | Entered the realm of Cerebov.
 70207 | Pan      | Got a faintly glowing silver ring
 70208 | Pan      | Identified the ring "Usagora" {rElec rN+ SInv} (You found it in Pandemonium)
 70213 | Pan      | Identified the Collected Works on the Cloudy Snowflakes (You found it in Pandemonium)
 70245 | Pan      | Noticed Cerebov
 70310 | Pan      | Killed Cerebov
 70374 | Pan      | Identified Tylickik's Volume of Talismans (You found it in Pandemonium)
 70386 | Pan      | Identified Asmodeus's Volume of the Escort
 70573 | Pan      | Got a fiery rune of Zot
 70699 | Pan      | Found an exit through the horrors of the Abyss.
 70778 | Depths:3 | Escaped Pandemonium
 71164 | Zig:1    | Entered Level 1 of a ziggurat
 71186 | Zig:2    | Entered Level 2 of a ziggurat
 71207 | Zig:2    | Got a glittering bronze amulet
 71208 | Zig:2    | Identified the amulet of the Circus Animal {*Confuse +Rage rPois Str+4 Dex+5 SInv} (You found it on level 2 of a ziggurat)
 71219 | Zig:3    | Entered Level 3 of a ziggurat
 71300 | Zig:4    | Entered Level 4 of a ziggurat
 71364 | Zig:5    | Entered Level 5 of a ziggurat
 71431 | Zig:6    | Entered Level 6 of a ziggurat
 71442 | Zig:6    | Gained mutation: You are very frail. (-20% HP) [a shining eye]
 71486 | Zig:6    | Got a ring of the Octopus King
 71487 | Zig:6    | Identified a ring of the Octopus King {rC+ AC+1 EV+1 Str+1 Int+1 Dex+1} (You found it on level 6 of a ziggurat)
 71497 | Zig:7    | Entered Level 7 of a ziggurat
 71581 | Zig:8    | Entered Level 8 of a ziggurat
 71652 | Zig:8    | Got a vibrating bronze ring
 71653 | Zig:8    | Identified the ring "Luidwi Ympa" {rN+ Int+3} (You found it on level 8 of a ziggurat)
 71657 | Zig:8    | Got a steaming ivory ring
 71660 | Zig:8    | Identified the ring "Diaps" {+Blink rPois rF+ MR+} (You found it on level 8 of a ziggurat)
 71679 | Zig:9    | Entered Level 9 of a ziggurat
 71803 | Zig:10   | Entered Level 10 of a ziggurat
 71938 | Depths:2 | Identified a +4 rod of clouds (14/14) (You found it on level 10 of a ziggurat)
 72102 | Hell     | Found a gateway to the Iron City of Dis.
 72110 | Dis:1    | Entered Level 1 of the Iron City of Dis
 73014 | Dis:7    | Entered Level 7 of the Iron City of Dis
 74181 | Dis:7    | HP: 7/202 [Hell Sentinel (13)]
 74467 | Dis:7    | Noticed the Serpent of Hell
 74479 | Dis:7    | Reached skill level 23 in Fighting
 74643 | Dis:7    | HP: 4/206 [the Serpent of Hell (9)]
 74643 | Dis:7    | Mangled by an iron dragon

Vault maps used:
D:1:      co_arrival_random_square_maze
D:2:      lightli_temple_of_fire, uniq_terence
D:3:      lemuel_crystal_altar, lemuel_doored_altar, ecumenical_altar_1
D:4:      first_bread, kennysheep_pointless_box, nicolae_ru_awakened_eye,
          uniq_blork_the_orc
D:5:      enter_ossuary_1, hangedman_decor_riveting, kennysheep_generic_room_15,
          uniq_sigmund
D:6:      kennysheep_little_box
D:8:      vehumet_altar_wand_db, grunt_temple_overflow_diamond, serial_shops,
          nicolae_shop_crystal
D:9:      erik_orc_1, serial_glass, glass_columns_a, glass_columns_b,
          glass_columns_a, glass_columns_b, glass_columns_b, glass_columns_a,
          glass_columns_a, glass_columns_b, uniq_erolcha, uniq_erica
D:10:     minmay_lair_entry_lava, serial_shops, shop_statue
D:11:     serial_shops, shop, basic_altar, hangedman_pestilent_swarm
D:13:     david_vaults_4, minmay_misc_feat_tower, nrook_guardian_serpent_double
D:14:     serial_shops, nicolae_shop_overgrown_old_shop
D:15:     gammafunk_enter_depths_forms, nrook_uturn, serial_shops, shop,
          uniq_nessos
Temple:   eino_temple_water
Lair:1:   hibernation_bobbens, infiniplex_staircase_pool, serial_bayou_shore_b,
          uniq_joseph
Lair:2:   lab_entry_generic, grunt_megastairs_3
Lair:3:   minmay_shoals_entry_beasts, minmay_snake_entry_guardpost_medium,
          basic_altar, grunt_forest_large_clearing_hut
Lair:4:   lemuel_fruit_fields, grunt_megastairs_1
Lair:5:   dpeg_slime_entry_enclosed_altar, grunt_megastairs_2
Lair:6:   due_jungle_book, portal_ice_cave_entry_pillars_2, uniq_snorg
Shoals:1: serial_shops, shop
Shoals:3: uniq_polyphemus, uniq_louise
Shoals:4: shoals_end_grunt_garden, shoals_ilsuiw_ice,
          nicolae_shoals_stone_sculpture_thing
Snake:1:  uniq_nikola
Snake:2:  serial_shops, nicolae_shop_behind_doors, special_room,
          serial_bayou_shore_a, serial_bayou_shore_b, minmay_shop_grove,
          uniq_agnes
Snake:4:  grunt_snake_rune_pools, uniq_jorgrun
Slime:2:  basic_altar
Slime:3:  cheibrodos_slime_lost_civilization_2
Slime:4:  basic_altar
Orc:1:    giant_chief_lemuel, uniq_maurice
Orc:2:    grunt_orc_tribal_feast, serial_shops, shop
Elf:1:    minivault_28, hex_medium, uniq_aizul, uniq_asterion
Elf:2:    serial_shops, shop
Elf:3:    minmay_elf_hall_curves
Vaults:1: nicolae_vaults_sealed_display, grunt_vaults_funnel,
          nicolae_vaults_network_square, nicolae_vaults_specimen_jars
Vaults:2: nicolae_vaults_mini_display_case, nicolae_vaults_circle_grid_b,
          hangedman_vaults_stagger, ontoclasm_vaults_idyll,
          vaults_dpeg_diagonal, hangedman_vaults_restitches,
          dpeg_vaults_monster_box, st_quartered_hall, nicolae_vaults_network_s,
          hangedman_vaults_maws, vaults_room_grid, serial_shops,
          nicolae_shop_behind_doors
Vaults:3: nicolae_vaults_network_barrier, v_misc_24,
          hangedman_vaults_corner_blocks, v_pattern_4,
          minmay_crypt_entry_nasty_monster, vaults_mumra_chevron_long,
          ontoclasm_vaults_ring_square, grunt_vaults_hallway_long,
          vaults_standard_mumra_x, vaults_mumra_minichess_inversion,
          nicolae_vaults_little_squares_3, v_misc_9, vaults_dpeg_hooks,
          serial_shops, nicolae_shop_stone
Vaults:4: nicolae_vaults_rhombus_7, nicolae_vaults_angled_halls,
          grunt_vaults_bifocal, v_alt_pattern_1, v_misc_9, grunt_vaults_focal,
          vaults_room_boxed, nicolae_vaults_windows_and_doors_thing,
          nicolae_vaults_c_with_doors, nicolae_vaults_yaktaur_gun_rack,
          serial_shops, shop, uniq_xtahua
Vaults:5: serial_shops
Crypt:1:  lemuel_upstairs_altar, uniq_sojobo
Crypt:3:  quadcrypt_mu, uniq_margery
Depths:1: minmay_misc_feat_cross, grunt_hell_entry_dis_grunt,
          kennysheep_small_circle, minmay_shop_star, firewood_loft, uniq_mara,
          uniq_saint_roka
Depths:2: minmay_isolated_rectangles_in_corner, enter_ziggurat_e, hell_entry,
          minmay_misc_feat_ornament
Depths:3: minmay_blocking_statues, corexii_hall_statues_i, abyss_entry,
          rand_demon_pan_entry_3, hell_entry, roderic_st_hans_cross,
          grunt_ministairs_8
Depths:4: kennysheep_windowed_halls, marbit_kobold_abyss_entry,
          infiniplex_staircase_squiggle, hell_entry, grunt_pan_entry_spiral,
          basic_stair_grate_trap
Depths:5: evilmike_zot_entry_hall, grunt_hell_entry_demonic_statue, abyss_entry
Dis:5:    hangedman_dis_decor_tower, lemuel_elevator
Dis:6:    grunt_dis_stairs_iron_hall
Dis:7:    dis_grunt_layers
Pan:      evilmike_mini_pan_murderfest, rand_demon_7, pan_blood_fountain_small,
          grunt_pan_sceptre, pan_blood_fountain_2, pan_captured_pigsty,
          nicolae_pan_glass_arcs, nicolae_pan_cerebovesque_1,
          evilmike_mini_pan_doors, pan_blood_fountain_small,
          lemuel_hellion_island, rand_demon_5, pan_blood_fountain_small,
          rand_demon_5, lom_lobon, evilmike_mini_pan_doors_b,
          nicolae_pan_sigil_uleosi, evilmike_mini_pan_doors_b, rand_demon_1,
          evilmike_mini_pan_possible_glass, rand_demon_1, pan_blood_fountain,
          rand_demon_1, rand_demon_8, pan_blood_fountain,
          nicolae_pan_gloorx_vloqian_1, evilmike_mini_pan_T,
          nicolae_pan_gloorx_vloqian_2, grunt_pan_frozen_over, uniq_mennas_pan,
          rand_demon_9, pan_blood_fountain_small, nicolae_pan_sigil_eeng,
          gloorx_vloq_grunt_torture_chamber, rand_demon_7,
          nicolae_pan_sigil_eeng, grunt_pan_zigzag, nicolae_pan_double_arrow,
          rand_demon_3, nicolae_pan_sigil_nadil, evilmike_mini_pan_thingy,
          pan_surprise, nicolae_pan_giant_door, nicolae_pan_gloorx_vloqian_3,
          lemuel_hall_of_pain, nicolae_pan_cerebovesque_1,
          nicolae_pan_strange_glyphs, nicolae_pan_door_chamber,
          nicolae_pan_diamonds, evilmike_holy_pan, rand_demon_8,
          evilmike_mini_pan_pillars, evilmike_mini_pan_branches,
          pan_blood_fountain_2, evilmike_mini_pan_branches,
          pan_blood_fountain_small, evilmike_mini_pan_diamond,
          pan_blood_fountain_small, grunt_pan_in_and_out,
          pan_blood_fountain_small, mnoleg_st, evilmike_cerebov_lava
Zig:2:    ziggurat_pillar_centre_c
Lab:      labyrinth_watery, nicolae_lab_stuck, labyrinth_lava_lair,
          nicolae_lab_starburst
Ossuary:  ossuary_tomb_3

Skill      XL: |  1  2  3  4  5  6  7  8  9 10 11 12 13 14 15 16 17 18 19 20 21 22 23 24 25 26 27 |
---------------+----------------------------------------------------------------------------------+-----
Fighting       | 4 5 6 7 8 9 11 12 13 14 15 16 17 18 19 20 21 22 23 | 23.0
Long Blades    | 3 4 5 6 7 9 11 12 14 16 | 16.0
Shields        | 4 5 7 8 9 11 12 13 14 15 16 17 18 19 20 21 22 | 22.0
Armour         | 4 5 6 7 8 9 11 12 13 14 15 16 17 18 19 20 21 22 | 22.2
Dodging        | 1 5 7 9 10 11 13 14 15 16 17 18 | 18.9
Evocations     | 1 4 6 8 10 12 13 | 13.0
Throwing       | 3 5 7 9 10 12 13 14 15 16 | 16.6
Charms         | 4 6 7 18 | 18.5
Translocations | 4 6 |  6.3
Spellcasting   | 2 3 4 13 | 13.2
Air Magic      | 9 |  9.4
Necromancy     | 9 |  9.3

Action                   |  1- 3 |  4- 6 |  7- 9 | 10-12 | 13-15 | 16-18 | 19-21 | 22-24 | 25-27 || total
-------------------------+-------+-------+-------+-------+-------+-------+-------+-------+-------++-------
Melee: Long sword        |    73 |   179 |   371 |       |       |       |       |       |       ||   623
       Headbutt          |    10 |    29 |    94 |   163 |   449 |   343 |   568 |   523 |  2364 ||  4543
       Scimitar          |       |       |   108 |   674 |  1565 |       |       |       |       ||  2347
       Double sword      |       |       |       |       |    61 |  1129 |  1691 |   945 |   136 ||  3962
       Kick              |       |       |       |       |     2 |       |       |       |       ||     2
       Katana            |       |       |       |       |       |       |       |   779 |  6913 ||  7692
Throw: Javelin           |       |       |       |       |     7 |    34 |     9 |    14 |     8 ||    72
 Cast: Regeneration      |       |       |       |       |       |       |       |       |    65 ||    65
       Haste             |       |       |       |       |       |       |       |       |    23 ||    23
       Spectral Weapon   |       |       |       |       |       |       |       |       |     7 ||     7
Invok: Reject Sacrifices |       |       |     1 |     1 |     1 |     1 |     1 |       |       ||     5
       Sacrifice Arcana  |       |       |       |       |     1 |       |       |       |       ||     1
       Sacrifice Health  |       |       |       |       |       |     1 |       |       |       ||     1
       Sacrifice Stealth |       |       |       |       |       |     1 |       |       |       ||     1
       Draw Out Power    |       |       |       |       |       |       |     1 |       |     1 ||     2
       Sacrifice Love    |       |       |       |       |       |       |     1 |       |       ||     1
       Sacrifice Resista |       |       |       |       |       |       |     1 |       |       ||     1
       Power Leap        |       |       |       |       |       |       |       |     4 |     5 ||     9
       Apocalypse        |       |       |       |       |       |       |       |       |     8 ||     8
 Abil: Evoke Blink       |       |       |       |       |     2 |     1 |       |       |       ||     3
Evoke: Rod               |       |       |     1 |     3 |       |     2 |     1 |     1 |     1 ||     9
       Wand              |       |       |       |       |     4 |       |       |       |     2 ||     6
       Phial of floods   |       |       |       |       |     1 |       |     1 |       |     2 ||     4
       Sack of spiders   |       |       |       |       |       |       |     3 |       |       ||     3
       Box of beasts     |       |       |       |       |       |       |     2 |       |       ||     2
       Lamp of fire      |       |       |       |       |       |       |       |       |     2 ||     2
  Use: Scroll            |       |     4 |     5 |    10 |    25 |     6 |     3 |    13 |    34 ||   100
       Potion            |       |     2 |     1 |     4 |       |     1 |     3 |       |    26 ||    37
 Stab: Distracted        |       |       |       |       |       |     4 |     5 |     9 |    30 ||    48
       Invisible         |       |       |       |       |       |       |     4 |     7 |    37 ||    48
       Paralysed         |       |       |       |       |       |       |       |     7 |    27 ||    34
       Confused          |       |       |       |       |       |       |       |     1 |     2 ||     3
       Petrifying        |       |       |       |       |       |       |       |       |     1 ||     1
  Eat: Chunk             |     1 |     6 |    16 |    16 |    33 |    21 |    26 |    14 |     5 ||   138
       Fruit             |       |       |     3 |     1 |    12 |     2 |       |     5 |    28 ||    51
       Pizza             |       |       |       |     2 |     1 |     1 |       |       |     4 ||     8
       Royal jelly       |       |       |       |       |     2 |     1 |       |       |     8 ||    11
       Meat ration       |       |       |       |       |       |       |       |     5 |    11 ||    16
       Beef jerky        |       |       |       |       |       |       |       |       |     6 ||     6
Armor: Scale mail        |    17 |    22 |       |       |       |       |       |       |       ||    39
       Chain mail        |       |    31 |       |       |       |       |       |       |       ||    31
       Plate armour      |       |    53 |   207 |   220 |   337 |   300 |   357 |   193 |       ||  1667
       Gold dragon armou |       |       |       |       |       |       |       |   129 |  1647 ||  1776
Dodge: Dodged            |    17 |    46 |    59 |   157 |   579 |   642 |   820 |   613 |  2388 ||  5321
Block: Shield            |    40 |   104 |   219 |   305 |   846 |   839 |  1076 |  1036 |  5715 || 10180
